 Dungeon Crawl Stone Soup version 0.25.1-2-g60ff931df9 (webtiles) character file.

Game seed: 10210607569371921744

161 Nivan the Conjurer (level 5, -1/40 HPs)
             Began as a Draconian Conjurer on Oct 15, 2020.
             Was an Initiate of Sif Muna.
             Slain by Ijyb
             ... wielding a +0 club
              (7 damage)
             ... on level 4 of the Dungeon.
             The game lasted 00:16:21 (3846 turns).

Nivan the Conjurer (Draconian Conjurer)             Turns: 3846, Time: 00:16:21

Health: -1/40      AC:  5    Str: 10    XL:     5   Next: 18%
Magic:  0/9        EV: 12    Int: 17    God:    Sif Muna [......]
Gold:   138        SH:  0    Dex: 11    Spells: 6/9 levels left

rFire    . . .     SeeInvis .   e - +0 dagger
rCold    . . .     Gourm    .   (no shield)
rNeg     . . .     Faith    .   (armour unavailable)
rPois    .         Spirit   .   (helmet restricted)
rElec    .         Reflect  .   o - scarf {harm}
rCorr    .         Harm     +   (no gloves)
MR       .....                  (no boots)
Stlth    ++........             (no amulet)
HPRegen  0.13/turn              (no ring)
MPRegen  0.11/turn              (no ring)

@: lethally poisoned (-1 -> -4)
A: unfitting armour, cold-blooded, AC +5
a: Renounce Religion


You were on level 4 of the Dungeon.
You worshipped Sif Muna.
Sif Muna was noncommittal.
You were near starving.

You visited 1 branch of the dungeon, and saw 4 of its levels.

You collected 138 gold pieces.

Inventory:

Hand Weapons
 e - a +0 dagger (weapon)
Armour
 o - a scarf of harm (worn)
Jewellery
 n - an uncursed ring of magical power {unknown}
Wands
 t - a wand of digging (6)
Scrolls
 c - a scroll of teleportation
 f - a scroll of remove curse
 j - a scroll of amnesia
 k - a scroll of random uselessness {unknown}
 l - 2 scrolls of identify
 q - a scroll of enchant armour {unknown}
 r - a scroll of fog {unknown}
 s - a scroll of blinking {unknown}
Potions
 a - a potion of brilliance {unknown}
 d - a potion of resistance {unknown}
 g - 2 potions of berserk rage {unknown}
 h - a potion of ambrosia {unknown}
 i - a potion of heal wounds {unknown}
 m - a potion of stabbing {unknown}
 p - 2 potions of lignification {unknown}
Comestibles
 b - 2 rations


   Skills:
 + Level 1.4 Fighting
 + Level 1.2 Short Blades
 + Level 2.3 Dodging
 + Level 2.4 Stealth
 + Level 2.7 Spellcasting
 + Level 5.1 Conjurations


You had 6 spell levels left.
You knew the following spells:

 Your Spells              Type           Power        Failure   Level  Hunger
a - Magic Dart            Conj           ###.         2%          1    #......
b - Searing Ray           Conj           ###...       3%          2    ##.....

Your spell library contained the following spells:

 Spells                   Type           Power        Failure   Level  Hunger
 Dazzling Flash           Conj/Hex       ##....       19%         3    ###....
 Fulminant Prism          Conj/Hex       ##........   54%         4    #####..
 Iskenderun's Mystic Bla  Conj/Tloc      ##......     54%         4    #####..


Dungeon Overview and Level Annotations

Branches:
Dungeon (4/15)
 Temple: D:4-7

Altars:
Sif Muna

Annotations:
D:4 Ijyb


Innate Abilities, Weirdness & Mutations

Your plain brown scales are hard. (AC +5)
You cannot fit into any form of body armour.
You are cold-blooded and may be slowed by cold attacks.


Message History

Confirm with . or Enter, or press ? or * to list all spells.
Aiming: Magic Dart (safe; 2% risk of failure)
Press: ? - help, Shift-Dir - straight line, f/p - adder
Aim: an adder (severely wounded)
The magic dart hits the adder.
You kill the adder!
Sif Muna accepts your kill. Ijyb hits you but does no damage.
Casting: Magic Dart (safe; 2% risk of failure)
Confirm with . or Enter, or press ? or * to list all spells.
You don't know that spell.
Casting: Magic Dart (safe; 2% risk of failure)
Confirm with . or Enter, or press ? or * to list all spells.
Aiming: Magic Dart (safe; 2% risk of failure)
Press: ? - help, Shift-Dir - straight line, f - Ijyb
Aim: Ijyb, wielding a +0 club, wearing a +0 ring mail and carrying a wand of random effects (17) (almost dead)
The magic dart hits Ijyb but does no damage.
Ijyb is almost dead.
Ijyb hits you with a +0 club.
You die...

#......#....... .a
#......#..... ..
#......+...< ...
#......#.#.#####.#.
#........#.........
..........>.g.g...... #
##########.######.#..
....########.)......)...
......†@g..<...#.....#.#
##....#######.## #.../..
..... .... ... # ....
#.### ... ... ... .#. ..
... . ..#


You could see Ijyb.

Vanquished Creatures
  A worker ant (D:4)
  3 gnolls (D:3)
  2 adders
  An ooze (D:1)
  2 worms
  A dart slug (D:3)
  A leopard gecko (D:1)
  An orc (D:4)
  A ball python (D:2)
  5 giant cockroaches
  7 goblins
  9 hobgoblins
  4 jackals (D:1)
  A quokka (D:3)
  7 bats
  7 frilled lizards
  10 kobolds
  7 rats
70 creatures vanquished.

Notes
Turn   | Place    | Note
-------+----------+-------------------------------------------
     0 | D:1      | Nivan the Draconian Conjurer began the quest for the Orb.
     0 | D:1      | Reached XP level 1. HP: 14/14 MP: 3/3
   289 | D:1      | Reached XP level 2. HP: 13/20 MP: 0/5
   790 | D:1      | Reached XP level 3. HP: 26/26 MP: 0/6
  1324 | D:2      | Learned a level 2 spell: Searing Ray
  1407 | D:2      | Noticed an ice beast
  2216 | D:2      | Found a shimmering blue altar of Sif Muna.
  2219 | D:2      | Became a worshipper of Sif Muna the Loreminder
  2707 | D:3      | Reached XP level 4. HP: 31/34 MP: 3/7
  3174 | D:3      | Reached skill level 1 in Fighting
  3174 | D:3      | Reached skill level 5 in Conjurations
  3288 | D:3      | Reached skill level 1 in Short Blades
  3770 | D:4      | Noticed Ijyb
  3786 | D:4      | Reached XP level 5. HP: 36/40 MP: 5/9
  3846 | D:4      | Slain by Ijyb

Illustrated notes

Levels and vault maps discovered:
D:1:      sevenhm_arrival_forest_fort_small_4, layout_rooms,
          chequers_serial_rivers_micro_e, minmay_misc_feat_tiny,
          minmay_split_cup_large
D:2:      layout_loops_ring, lemuel_blue_sif_altar, minmay_misc_feat_columns,
          minivault_19, st_stairs_11, grunt_decor_cap
D:3:      layout_loops_cross
D:4:      layout_basic, minmay_temple_entry_arrows, uniq_ijyb

Skill      XL: |  1  2  3  4 |
---------------+-------------+-----
Dodging        | 2 |  2.3
Stealth        | 2 |  2.4
Fighting       | 1 |  1.4
Conjurations   | 5 |  5.1
Short Blades   | 1 |  1.2
Spellcasting   | |  2.7

Action                   |  1- 3 |  4- 6 || total
-------------------------+-------+-------++-------
Melee: Unarmed           |    27 |       ||    27
       Tailslap          |     7 |     6 ||    13
       Dagger            |    54 |    56 ||   110
 Cast: Magic Dart        |    84 |    43 ||   127
       Searing Ray       |     1 |     3 ||     4
  Use: Scroll            |       |     3 ||     3
  Eat: Chunk             |     7 |     2 ||     9
Armor: Skin              |    43 |    16 ||    59
Dodge: Dodged            |    76 |    27 ||   103
